 Dungeon Crawl Stone Soup version 0.25-a0-108-gda8bd6cf83 (webtiles) character file.

Game seed: 11275642263532649045, levelgen mode: deterministic

6388 Analysis the Markscentaur (level 10, -16/90 HPs)
             Began as a Centaur Hunter on Nov 13, 2019.
             Was an Elder of Okawaru.
             Demolished by a polar bear simulacrum (18 damage)
             ... on level 9 of the Dungeon on Nov 17, 2019.
             The game lasted 01:15:21 (12923 turns).

Analysis the Markscentaur (Centaur Hunter)         Turns: 12923, Time: 01:15:26

Health: -16/90     AC: 11    Str: 19    XL:     10   Next: 66%
Magic:  15/15      EV:  5    Int: 10    God:    Okawaru [****..]
Gold:   482        SH:  0    Dex:  9    Spells: 9/9 levels left

rFire    . . .     SeeInvis .   a - +1 shortbow
rCold    . . .     Gourm    .   (shield currently unavailable)
rNeg     . . .     Faith    .   p - +1 chain mail {MR+}
rPois    .         Spirit   .   k - +0 helmet
rElec    .         Reflect  .   z - +0 cloak
rCorr    .         Harm     .   x - +0 pair of gloves
MR       +....                  (no barding)
Stlth    ..........             (no amulet)
HPRegen  0.25/turn              (no ring)
MPRegen  0.14/turn              (no ring)

@: very quick
A: large, hooves 3, deformed body, speed 2, tough skin 3
a: Heroism, Renounce Religion


You were on level 9 of the Dungeon.
You worshipped Okawaru.
Okawaru was greatly pleased with you.
You were not hungry.

You visited 2 branches of the dungeon, and saw 10 of its levels.

You collected 538 gold pieces.
You spent 56 gold pieces at shops.

Inventory:

Hand Weapons
 a - a +1 shortbow (weapon)
 n - a +2 short sword of electrocution
Missiles
 d - 18 arrows (quivered)
Armour
 k - a +0 helmet (worn)
 p - a +1 chain mail of magic resistance (worn)
 x - a +0 pair of gloves (worn)
 z - a +0 cloak (worn)
Wands
 v - a wand of iceblast (3)
 y - a wand of random effects (17)
Scrolls
 h - 4 scrolls of fog
 l - 2 scrolls of magic mapping {unknown}
 m - 2 scrolls of enchant armour {unknown}
 q - 2 scrolls of enchant weapon {unknown}
 t - 2 scrolls of teleportation {unknown}
 u - a scroll of fear {unknown}
 w - 2 scrolls of remove curse
 A - a scroll of noise {unknown}
Potions
 b - a potion of might {unknown}
 g - 4 potions of flight
 i - 3 potions of lignification
 j - 4 potions of brilliance
 o - a potion of cancellation
 r - 5 potions of curing
 s - a potion of ambrosia
Comestibles
 f - 21 rations


   Skills:
 + Level 8.8 Fighting
 * Level 15.6 Bows
 - Level 1.3 Dodging
 - Level 0.4 Stealth
 + Level 7.1 Invocations


You had 9 spell levels left.
You didn't know any spells.
Your spell library contained the following spells:

 Spells                   Type           Power        Failure   Level  Hunger
 Animate Skeleton         Necr           N/A          99%         1    ##.....
 Apportation              Tloc           #.....       99%         1    ##.....
 Confusing Touch          Hex            #.....       99%         1    ##.....
 Corona                   Hex            #......      99%         1    ##.....
 Summon Small Mammal      Summ           #...         99%         1    ##.....
 Ensorcelled Hibernation  Hex/Ice        #.....       100%        2    ###....
 Confuse                  Hex            #.......     100%        3    ####...
 Dazzling Spray           Conj/Hex       #.....       100%        3    ####...
 Tukima's Dance           Hex            #.......     100%        3    ####...


Dungeon Overview and Level Annotations

Branches:
Dungeon (9/15)             Temple (1/1) D:6
   Lair: D:8-11         Orc: D:9-12

Altars:
Ashenzari
Cheibriados
Dithmenos
Elyvilon
Gozag
Hepliaklqana
Kikubaaqudgha
Makhleb
Nemelex Xobeh
Okawaru
Qazlal
Ru
Sif Muna
Trog
Uskayaw
Vehumet
Wu Jian
Xom
Yredelemnul
Zin
The Shining One
Lugonu

Shops:
D:7 =   D:8 **

Annotations:
D:8 Harold, Maurice


Innate Abilities, Weirdness & Mutations

You have hooves in place of feet.
Armour fits poorly on your strangely shaped body.
You cover ground very quickly.
You have extremely tough skin. (AC +3)


Message History

Aim: a polar bear simulacrum (severely damaged)
Okay, then.
Okay, then.
Firing (i - inventory)
d - 20 arrows (quivered)
Press: ? - help, Shift-Dir - straight line, f/p - polar bear simulacrum
Aim: a polar bear simulacrum (severely damaged)
You shoot an arrow.
The arrow hits the polar bear simulacrum.
The polar bear simulacrum is almost destroyed.
Firing (i - inventory)
d - 19 arrows (quivered)
Press: ? - help, Shift-Dir - straight line, f/p - polar bear simulacrum
Aim: a polar bear simulacrum (almost destroyed)
You shoot an arrow.
The arrow hits the polar bear simulacrum but does no damage.
The polar bear simulacrum is almost destroyed.
The polar bear simulacrum bites you but does no damage.
The polar bear simulacrum claws you.
* * * LOW HITPOINT WARNING * * *
The polar bear simulacrum freezes you!!
You die...

#..........## #........#
....<.......###........#
.#.....................#
.#.............######
.#.........P⌠P.'....#
.#########.....#....# ##
#.#####....#
#.#..(#....#
#.#..°Z@.###
#.#...#....# #.###
###### #. ##


You could see a polar bear simulacrum.

Vanquished Creatures
  A two-headed ogre (D:9)
  A necromancer (D:8)
  2 trolls
  A hippogriff (D:9)
  A spriggan (D:7)
  Edmund (D:4)
  Duvessa (D:5)
  3 sky beasts
  2 orc warriors
  4 ice beasts
  5 ogres
  2 black bears
  A phantom (D:7)
  A centaur (D:7)
  A big kobold (D:8)
  8 bullfrogs
  Dowan (D:5)
  3 scorpions
  A water moccasin skeleton (D:9)
  6 killer bees
  2 howler monkeys
  An electric eel (D:8)
  4 crimson imps
  3 hounds
  10 orc priests
  2 centaur skeletons
  A jelly (D:7)
  3 iguanas
  A bullfrog skeleton (D:4)
  7 orc wizards
  6 worker ants
  A polar bear simulacrum (D:9)
  2 yak simulacra (D:9)
  A killer bee zombie (D:8)
  A wolf simulacrum (D:9)
  A hound zombie (D:7)
  A worker ant zombie (D:6)
  8 gnolls
  9 adders
  8 river rats (D:5)
  A shadow imp (D:7)
  2 oozes
  An adder skeleton (D:6)
  3 worms
  6 leopard geckos
  29 orcs
  8 bats
  7 giant cockroaches
  9 goblins
  6 hobgoblins
  11 jackals
  13 quokkas
  5 frilled lizards
  A jackal skeleton (D:4)
  11 kobolds
  A leopard gecko skeleton (D:4)
  A leopard gecko zombie (D:8)
  25 rats
  6 river rat simulacra (D:9)
264 creatures vanquished.

Vanquished Creatures (others)
  2 plants (D:8)
2 creatures vanquished.

Grand Total: 266 creatures vanquished

Notes
Turn   | Place    | Note
-------+----------+-------------------------------------------
     0 | D:1      | Analysis the Centaur Hunter began the quest for the Orb.
     0 | D:1      | Reached XP level 1. HP: 17/17 MP: 1/1
   164 | D:1      | Reached XP level 2. HP: 24/24 MP: 2/2
   500 | D:1      | Reached skill level 6 in Bows
   691 | D:1      | Reached XP level 3. HP: 10/30 MP: 3/3
  1319 | D:1      | Reached XP level 4. HP: 21/37 MP: 4/4
  1455 | D:2      | Found a burning altar of Makhleb.
  1786 | D:2      | Reached skill level 7 in Bows
  2359 | D:2      | Found a radiant altar of Vehumet.
  2457 | D:2      | Found an ancient bone altar of Kikubaaqudgha.
  2458 | D:2      | Found a shimmering blue altar of Sif Muna.
  2461 | D:2      | Identified Sif Muna's Tome of Enchantment
  3066 | D:3      | Found a hazy altar of Hepliaklqana.
  3069 | D:3      | Reached XP level 5. HP: 45/45 MP: 5/5
  3223 | D:3      | Reached skill level 8 in Bows
  3791 | D:4      | Found a shattered altar of Ashenzari.
  3830 | D:4      | Reached XP level 6. HP: 52/52 MP: 6/6
  4362 | D:4      | Found an opulent altar of Gozag.
  4464 | D:4      | Noticed Edmund
  4532 | D:4      | Killed Edmund
  4532 | D:4      | Reached skill level 9 in Bows
  4812 | D:4      | Found a bloodstained altar of Trog.
  4818 | D:4      | Found a glowing silver altar of Zin.
  4847 | D:4      | Reached XP level 7. HP: 60/60 MP: 7/7
  5295 | D:4      | Reached skill level 10 in Bows
  5332 | D:5      | Entered Level 5 of the Dungeon
  5454 | D:5      | Reached skill level 5 in Fighting
  5522 | D:5      | Found an iron altar of Okawaru.
  5528 | D:5      | Became a worshipper of Warmaster Okawaru
  5717 | D:5      | Noticed a troll
  5833 | D:5      | Killed a troll
  5833 | D:5      | Reached * piety under Okawaru
  5833 | D:5      | Reached skill level 11 in Bows
  5833 | D:5      | Reached XP level 8. HP: 70/70 MP: 8/8
  6107 | D:5      | Found a sparkling altar of Nemelex Xobeh.
  6454 | D:5      | Reached skill level 1 in Invocations
  6878 | D:6      | Noticed Duvessa
  6878 | D:6      | Noticed Dowan
  6915 | D:5      | Killed Duvessa
  6915 | D:5      | Reached skill level 12 in Bows
  6917 | D:5      | Killed Dowan
  7239 | D:6      | Found a staircase to the Ecumenical Temple.
  7257 | Temple   | Entered the Ecumenical Temple
  7558 | D:6      | Reached ** piety under Okawaru
  7568 | D:6      | Reached XP level 9. HP: 78/78 MP: 11/11
  7644 | D:6      | Found a snail-covered altar of Cheibriados.
  8001 | D:7      | Reached skill level 13 in Bows
  8086 | D:7      | Found a shadowy altar of Dithmenos.
  8162 | D:7      | Found Cyerch's Jewellery Boutique.
  8461 | D:7      | Reached *** piety under Okawaru
  8830 | D:7      | Reached skill level 5 in Invocations
  8918 | D:7      | Upgraded the game from 0.25-a0-98-g0cf78c2f83 to
                  | 0.25-a0-108-gda8bd6cf83
  8949 | D:8      | Found a stormy altar of Qazlal.
  8982 | D:8      | Noticed Harold
  9071 | D:8      | Found a hide-covered altar of Uskayaw.
  9090 | D:8      | Noticed Maurice
  9134 | D:7      | Reached skill level 14 in Bows
  9259 | D:8      | Noticed a troll
  9412 | D:8      | Killed a troll
  9602 | D:8      | Found a shimmering altar of Xom.
  9702 | D:8      | Found Sipuelodip's Demolitions Depot.
 11097 | D:8      | Found Feycec's Assorted Antiques.
 11105 | D:8      | Bought a scroll of identify for 56 gold pieces
 11195 | D:8      | Received a gift from Okawaru
 11195 | D:8      | Reached XP level 10. HP: 88/88 MP: 14/14
 11979 | D:9      | Noticed a two-headed ogre
 12008 | D:9      | Killed a two-headed ogre
 12008 | D:9      | Reached **** piety under Okawaru
 12008 | D:9      | Reached skill level 15 in Bows
 12607 | D:9      | Noticed a necromancer
 12636 | D:8      | Killed a necromancer
 12921 | D:9      | HP: 3/90 [polar bear simulacrum (19)]
 12923 | D:9      | Demolished by a polar bear simulacrum

Levels and vault maps discovered:
D:1:      dpeg_arrival_more_subterranean_lakeside_camping, layout_basic
D:2:      layout_loops_cross, grunt_temple_overflow_magic_moments,
          makhleb_heckhound_becter, serial_bayou_lagoon_a,
          minmay_small_reverse_x
D:3:      layout_basic, nicolae_overflow_crystal_walls
D:4:      layout_gridville, nicolae_gozag_seed_capital, evilmike_ruin_ashenzari,
          amethyst_overflow_temple_binary, uniq_edmund
D:5:      lemuel_ratsnest, layout_basic, nemelex_xobeh_ov_fountains_minmay,
          okawaru_trees_2, first_ration
D:6:      layout_basic, minmay_temple_entry_mini_moons, basic_altar,
          uniq_duvessa
D:7:      layout_cave_pools, serial_shops, shop, the_bakery,
          minmay_misc_feat_columns, nicolae_dithmenos_shadow_blocks
D:8:      layout_loops_corners, lemuel_crystal_altar,
          lemuel_coloured_pillars_altar, serial_shops, shop, serial_bayou,
          serial_bayou_ford_a, serial_bayou_pond_c, serial_bayou_shore_a,
          serial_bayou_shore_b, nicolae_blasting_shop, grunt_decor_cap,
          nicolae_qazlal_style_of_elements, uniq_harold, uniq_maurice
D:9:      layout_roguey, nicolae_overflow_hidden_temple, serial_shops, shop,
          serial_glass, glass_columns_a, glass_columns_a, glass_columns_a,
          glass_columns_b, glass_columns_b, glass_columns_a, glass_columns_b,
          glass_columns_c, glass_columns_a, glass_columns_c, glass_columns_a,
          glass_columns_a, glass_columns_a, glass_columns_b,
          due_unseen_surprise, item_on_display_a, minmay_strange_pillars,
          minmay_strange_pillars, eino_house_with_fridge
Temple:   corrupted_temple

Skill      XL: |  1  2  3  4  5  6  7  8  9 10 |
---------------+-------------------------------+-----
Bows           | 6 7 8 9 11 12 14 15 | 15.6
Fighting       | 3 4 5 6 8 |  8.8
Invocations    | 3 5 7 |  7.1
Dodging        | |  1.3
Stealth        | |  0.4

Action                   |  1- 3 |  4- 6 |  7- 9 | 10-12 || total
-------------------------+-------+-------+-------+-------++-------
Melee: Short sword       |    74 |    80 |    35 |       ||   189
       Kick              |    13 |    18 |     3 |       ||    34
 Fire: Shortbow          |     6 |   163 |   606 |   304 ||  1079
Evoke: Wand              |       |       |     2 |       ||     2
  Use: Scroll            |       |       |     7 |     2 ||     9
       Potion            |       |       |     1 |       ||     1
  Eat: Chunk             |     1 |     9 |    12 |     4 ||    26
       Ration            |       |       |     1 |       ||     1
Armor: Leather armour    |    42 |    31 |     1 |       ||    74
       Chain mail        |       |       |    86 |    44 ||   130
       Skin              |       |       |     9 |       ||     9
Dodge: Dodged            |    33 |    48 |    53 |    13 ||   147

Table legend:
 A = Non-vault XP
 B = Vault XP
 C = Vault XP percentage of total XP
 D = Non-vault monster count
 E = Vault monster count
 F = Vault count percentage of total count
                 A         B        C        D         E       F
            +---------+---------+-------+---------+---------+-------
      Total |    7515 |    1612 |  17.7 |     211 |      53 |  20.1
            +---------+---------+-------+---------+---------+-------
        D:1 |      49 |      43 |  46.7 |      24 |       1 |   4.0
        D:2 |      44 |       7 |  13.7 |      17 |       4 |  19.0
        D:3 |     195 |       0 |   0.0 |      27 |       0 |   0.0
        D:4 |     445 |     166 |  27.2 |      19 |       1 |   5.0
        D:5 |     723 |     434 |  37.5 |      11 |      35 |  76.1
        D:6 |    1026 |       0 |   0.0 |      20 |       0 |   0.0
        D:7 |    1244 |     220 |  15.0 |      23 |       1 |   4.2
        D:8 |    1609 |     613 |  27.6 |      38 |       1 |   2.6
        D:9 |    2180 |     129 |   5.6 |      32 |      10 |  23.8
            +---------+---------+-------+---------+---------+-------
